Map: Beckett Industries LE

Players

hertz

  • Race: Protoss Protoss
  • League: Silver

Throwfordays - Winner!

  • Race: Terran Terran
  • League: Gold

VOD

Have the link to the VOD?

Description

Time

  • Played on: Aug. 27, 2021, 7:04 p.m.
  • Length: 3:59
Show
View Real Time Build Order
Export as new Build Order

hertz Protoss 

Build Orders:  

Get SALT Encoding   

  12  0:02  Probe  
  13  0:14  Probe (Chrono Boost)  
  14  0:22  Pylon  
  14  0:23  Probe (Chrono Boost)  
  15  0:30  Assimilator  
  15  0:40  Probe  
  16  0:52  Probe  
  17  0:57  Gateway  
  17  1:04  Probe (Chrono Boost)  
  18  1:14  Assimilator  
  18  1:16  Probe (Chrono Boost)  
  19  1:23  Probe (Chrono Boost)  
  20  1:34  Forge, Probe  
  21  1:46  Probe  
  22  1:52  Cybernetics Core  
  22  1:58  Probe  
  23  2:42  Probe  
  23  2:46  Pylon  
  23  2:51  Adept (Chrono Boost)  
  23  2:53  Pylon  
  21  3:18  Stalker (Chrono Boost)  
  22  3:29  Nexus  
Show
View Real Time Build Order
Export as new Build Order

Throwfordays Terran - Winner!

Build Orders:  

Get SALT Encoding   

  12  0:00  SCV  
  13  0:12  SCV  
  14  0:20  Supply Depot  
  14  0:24  SCV  
  15  0:30  Refinery  
  15  0:43  Barracks  
  15  0:46  SCV  
  16  0:56  Supply Depot  
  16  1:05  SCV  
  17  1:17  SCV  
  18  1:19  Barracks  
  18  1:30  Reaper, SCV  
  20  1:37  Refinery  
  20  1:42  SCV  
  21  1:54  SCV  
  22  1:56  Barracks  
  22  2:02  Reaper  
  22  2:07  SCV  
  24  2:09  Reaper  
  25  2:18  Supply Depot  
  25  2:19  SCV  
  26  2:31  SCV  
  26  2:34  Reaper  
  28  2:41  Reaper  
  29  2:49  Reaper  
  30  3:09  Reaper  
  31  3:19  Reaper  
  32  3:21  Reaper  
Tags
 
Add a new tag
Caveats
  • Supply blocks, unpowered buildings, or Contaminate may cause inaccurate times.
  • Supply counts are checked every 10 seconds.